Map: Catallena LE (Void)

Players

PandaBearMe - Winner!

  • Race: Zerg Zerg
  • Spawn Location: 9:00

Hymy

  • Race: Protoss Protoss
  • Spawn Location: 12:00

Event: WCS Montreal 2017

VOD

Have the link to the VOD?

Description

Time

  • Played on: Sept. 8, 2017, 11:48 a.m.
  • Length: 3:20

All games in this series

Show
View Real Time Build Order
Export as new Build Order

PandaBearMe Zerg - Winner!

Build Orders: Hatch First 

Get SALT Encoding   

  12  0:01  Drone  
  13  0:14  Overlord  
  13  0:22  Drone  
  14  0:33  Drone x2  
  16  0:52  Hatchery  
  16  0:56  Drone  
  16  1:00  Drone  
  16  1:03  Drone  
  18  1:06  Extractor  
  17  1:20  Spawning Pool  
  17  1:24  Drone  
  17  1:27  Drone  
  17  1:31  Drone  
  19  2:02  Overlord  
  19  2:07  Zergling x2  
  19  2:08  Queen, Zergling x4  
  24  2:11  Queen  
  26  2:24  Drone x2  
  26  2:28  Drone  
  29  2:30  Drone  
  29  2:36  Drone  
  31  2:37  Drone  
  32  2:52  Zergling x2  
  32  2:53  Zergling x2  
  32  2:56  Evolution Chamber  
  33  2:59  Overlord  
  33  3:00  Drone  
Show
View Real Time Build Order
Export as new Build Order

Hymy Protoss 

Build Orders: 1 Gate Expand 

Get SALT Encoding   

  12  0:00  Probe (Chrono Boost)  
  13  0:11  Probe (Chrono Boost)  
  14  0:18  Pylon  
  14  0:22  Probe (Chrono Boost)  
  15  0:36  Probe (Chrono Boost)  
  15  0:40  Gateway  
  16  0:47  Probe (Chrono Boost)  
  16  0:49  Assimilator  
  17  0:57  Probe (Chrono Boost)  
  18  1:08  Probe (Chrono Boost)  
  19  1:18  Probe (Chrono Boost)  
  20  1:27  Nexus  
  20  1:40  Cybernetics Core  
  20  1:42  Probe (Chrono Boost)  
  21  1:48  Assimilator  
  21  1:52  Probe (Chrono Boost)  
  22  1:57  Pylon  
  22  2:03  Probe (Chrono Boost)  
  24  2:15  Probe (Chrono Boost)  
  24  2:16  Adept (Chrono Boost)  
  26  2:26  Twilight Council  
  26  2:28  Probe (Chrono Boost)  
  27  2:40  Probe (Chrono Boost)  
  30  2:47  Probe (Chrono Boost)  
  31  2:56  Probe (Chrono Boost), Robotics Facility  
  31  2:57  Probe (Chrono Boost)  
  31  3:05  Probe (Chrono Boost)  
Tags
 
Add a new tag
Caveats
  • Supply blocks, unpowered buildings, or Contaminate may cause inaccurate times.
  • Supply counts are checked every 10 seconds.